 Dungeon Crawl Stone Soup version 0.20.0-10-g0535bb4 (webtiles) character file.

112 MTVSty1e the Chopper (level 4, -18/28 HPs)
             Began as a Gargoyle Fighter on June 5, 2017.
             Demolished by an ogre
             ... wielding a cursed -2 giant club
              (25 damage)
             ... on level 2 of the Dungeon.
             The game lasted 00:02:32 (1695 turns).

MTVSty1e the Chopper (Gargoyle Fighter)             Turns: 1695, Time: 00:02:32

Health: -18/28     AC: 10    Str: 25    XL:     4   Next: 95%
Magic:  4/4        EV:  7    Int:  9    God:
Gold:   118        SH:  9    Dex:  9    Spells: 3/3 levels left

rFire    + . .     SeeInvis .   a - +0 war axe
rCold    + . .     Gourm    .   c - +0 shield
rNeg     + . .     Faith    .   b - +0 scale mail
rPois    ∞         Spirit   .   (no helmet)
rElec    +         Reflect  .   k - scarf {rC+ rF+}
rCorr    .         Harm     .   (no gloves)
MR       .....                  (no boots)
Stlth    ..........             (no amulet)
Regen    0.1/turn               (no ring)
MPRegen  0.1/turn               (no ring)

@: mighty
A: negative energy resistance 1, electricity resistance, unbreathing,
petrification resistance, rot immunity, AC +3
a: no special abilities


You were on level 2 of the Dungeon.
You were not hungry.

You visited 1 branch of the dungeon, and saw 3 of its levels.

You collected 118 gold pieces.

Inventory:

Hand Weapons
 a - a +0 war axe (weapon)
Armour
 b - a +0 scale mail (worn)
 c - a +0 shield (worn)
 k - a scarf of resistance (worn)
Scrolls
 h - 2 scrolls of remove curse {unknown}
 i - a scroll of identify {unknown}
 j - a scroll of recharging {unknown}
 n - a scroll of enchant armour {unknown}
 o - a scroll of blinking {unknown}
Potions
 e - a potion of curing {unknown}
 l - a potion of brilliance {unknown}
 m - a potion of haste {unknown}
Comestibles
 f - 4 bread rations
 g - 4 fruits


   Skills:
 - Level 3.5 Fighting
 * Level 4.3 Axes
 - Level 3.2 Armour
 - Level 3.2 Shields


You had 3 spell levels left.
You didn't know any spells.

Dungeon Overview and Level Annotations

Branches:
Dungeon (3/15)

Altars:
Dithmenos
Makhleb
Trog

Annotations:
D:3 ThereIsNoGod's ghost, amateur SpAs


Innate Abilities, Weirdness & Mutations

You are resistant to torment.
Your stone body is resilient. (AC +3)
You are immune to poison.
You resist negative energy. (rN+)
You are resistant to electric shocks. (rElec)
You can survive without breathing.
You are immune to petrification.
You are immune to rotting.


Message History

The kobold throws a stone.
You block the stone.
ThereIsNoGod's ghost shouts, "They lied to you.
The Dungeon just goes down and down forever."
The giant cockroach waves its antennae.
ThereIsNoGod's ghost wails.
You see here a stone.
The adder completely misses you.
There is an escape hatch in the ceiling here.
You block the adder's attack. The ogre barely misses you.
ThereIsNoGod's ghost completely misses you.
A mysterious force pulls you upwards. The hatch slams shut behind you.
The adder bites you but does no damage.
You slash the adder!
You kill the adder!
You feel very mighty all of a sudden. You block the ogre's attack.
You hit the ogre.
The ogre is moderately wounded.
The ogre hits you with a giant club!!
Ouch! That really hurt!
You die...

....÷.....................>....#.
##.##...####.#.########..........
.#...........#.# ##########.
.####...####.#.# ##### #.
..........####.# #...# #.
....#####.#....# #...# #. ###.#
#...##.# #[).# #.
#.######..##.###...# #.
#.....##..##..@O..## ##
#######.###.##.####.#######
......#.........# #.......#
###.#.####.#.#..###.......# #.#.#
#.#.#............# #.#.#
#.#.#.#####......# #.#.# #.#...#
#(.....####### ###.#.####.##..#
#.............
....#.##...##..############.#####


You could see an ogre.

Vanquished Creatures
  5 adders (D:2)
  A worm (D:2)
  2 dart slugs (D:1)
  2 ball pythons (D:1)
  9 bats
  4 giant cockroaches
  6 goblins
  8 hobgoblins
  5 jackals
  7 kobolds
  A quokka (D:2)
  4 frilled lizards
  2 rats (D:2)
56 creatures vanquished.

Notes
Turn   | Place    | Note
-------+----------+-------------------------------------------
     0 | D:1      | MTVSty1e the Gargoyle Fighter began the quest for the Orb.
     0 | D:1      | Reached XP level 1. HP: 14/14 MP: 1/1
   147 | D:1      | Reached skill level 2 in Axes
   199 | D:1      | Reached XP level 2. HP: 19/19 MP: 2/2
   671 | D:1      | Reached XP level 3. HP: 21/23 MP: 3/3
   766 | D:1      | Reached skill level 3 in Axes
   831 | D:2      | Found a burning altar of Makhleb.
  1043 | D:2      | Found a shadowy altar of Dithmenos.
  1110 | D:2      | Reached XP level 4. HP: 28/28 MP: 4/4
  1460 | D:3      | Noticed ThereIsNoGod's ghost (amateur SpAs)
  1510 | D:2      | Reached skill level 4 in Axes
  1674 | D:3      | Found a bloodstained altar of Trog.
  1676 | D:3      | Noticed an ogre
  1695 | D:2      | Demolished by an ogre

Skill      XL: |  1  2  3  4 |
---------------+-------------+-----
Axes           | 2 3 4 |  4.3
Fighting       | |  3.5
Armour         | |  3.2
Shields        | |  3.2

Action                   |  1- 3 |  4- 6 || total
-------------------------+-------+-------++-------
Melee: War axe           |   140 |    68 ||   208
  Use: Potion            |       |     1 ||     1
  Eat: Chunk             |       |     2 ||     2
       Fruit             |       |     1 ||     1
Armor: Scale mail        |    92 |    43 ||   135
Dodge: Dodged            |    53 |    18 ||    71
Block: Shield            |    88 |    36 ||   124
